 Dungeon Crawl Stone Soup version 0.26-a0-1145-gf5f8a83f67 (webtiles) character file.

Game seed: 13804277877796467509

12813 Adamkad1 the Frost Mage (level 11, -2/124 HPs)
             Began as a Gnoll Ice Elementalist on Dec 22, 2020.
             Was an Initiate of Gozag.
             Slain by a phantasmal warrior (21 damage)
             ... led by a death knight
             ... on level 11 of the Dungeon.
             The game lasted 00:29:31 (14544 turns).

Adamkad1 the Frost Mage (Gnoll Ice Elementalist)   Turns: 14544, Time: 00:29:32

Health: -2/124     AC: 25    Str: 15    XL:     11   Next: 99%
Magic:  0/23       EV:  2    Int: 17    God:    Gozag
Gold:   220        SH:  0    Dex: 15    Spells: 5/27 levels left

rFire    . . .     SeeInvis .   d - +4 scimitar (flame)
rCold    + . .     Faith    .   (no shield)
rNeg     + + +     Spirit   +   (armour currently unavailable)
rPois    +         Reflect  .   (helmet currently unavailable)
rElec    .         Harm     .   (cloak currently unavailable)
rCorr    .         Rampage  .   (gloves currently unavailable)
Will     .....     NoTele   +   (boots currently unavailable)
Stlth    ++++......             f - amulet of guardian spirit
HPRegen  0.30/turn              L - ring of protection from cold
MPRegen  0.18/turn              l - +4 ring of slaying

@: mighty, tree-form, weak-willed, very slightly contaminated, slowed,
invisible, very slow
A: distributed training, strong nose
a: Renounce Religion, Potion Petition, Call Merchant, Bribe Branch


You were on level 11 of the Dungeon.
You worshipped Gozag.
Gozag was aware of your devotion.
You were a tree.
You visited 2 branches of the dungeon, and saw 12 of its levels.

You collected 1561 gold pieces.
You spent 275 gold pieces at shops.
You paid 1066 gold pieces to Gozag.

Inventory:

Hand Weapons
 b - a +1 club
 d - a +4 scimitar of flaming (weapon)
Missiles
 q - 4 boomerangs of dispersal
Armour
 e - a +2 pair of boots
 u - a +0 plate armour
 v - a +2 helmet (melded)
 A - a +1 cloak (melded)
 B - the +5 robe of Night (melded) {Dark Will+ SInv}
   (You found it on level 4 of the Dungeon)

   It affects your willpower, your defense against some magical effects.
   It lets you see invisible.
 N - a +0 pair of boots (melded)
Magical Staves
 O - an uncursed staff of poison
Jewellery
 f - an amulet of guardian spirit (around neck)
 j - a +6 ring of intelligence
 l - a +4 ring of slaying (right branch)
 I - an uncursed ring of protection from fire
 L - a ring of protection from cold (left branch)
Wands
 a - a wand of digging (6)
 w - a wand of enslavement (6)
 y - a wand of iceblast (9)
 G - a wand of flame (41)
 K - a wand of random effects (53)
Scrolls
 c - 10 scrolls of teleportation
 h - 2 scrolls of identify
 i - 3 scrolls of amnesia
 k - a scroll of fog
 n - 2 scrolls of fear
 o - 3 scrolls of enchant weapon
 t - 2 scrolls of immolation
 x - 2 scrolls of blinking
 D - 2 scrolls of remove curse
 E - a scroll of enchant armour
Potions
 g - 2 potions of curing
 m - 3 potions of lignification
 p - 2 potions of ambrosia {unknown}
 r - 2 potions of cancellation {unknown}
 s - 2 potions of heal wounds {unknown}
 z - 3 potions of haste {unknown}
 C - 4 potions of flight {unknown}
 F - 4 potions of mutation {unknown}
 H - a potion of brilliance {unknown}
 J - a potion of might {unknown}
 M - a potion of attraction {unknown}


   Skills:
 + Level 6.8 Fighting
 + Level 6.8 Short Blades
 + Level 6.8 Long Blades
 + Level 6.8 Axes
 + Level 6.8 Maces & Flails
 + Level 6.8 Polearms
 + Level 6.8 Staves
 + Level 6.8 Slings
 + Level 6.8 Bows
 + Level 6.8 Crossbows
 + Level 6.8 Throwing
 + Level 6.8 Armour
 + Level 8.3 Dodging
 + Level 8.1 Stealth
 + Level 6.8 Shields
 + Level 6.8 Unarmed Combat
 + Level 8.5 Spellcasting
 + Level 5.6 Conjurations
 + Level 5.6 Hexes
 + Level 5.6 Summonings
 + Level 5.6 Necromancy
 + Level 5.6 Translocations
 + Level 5.6 Transmutations
 + Level 5.6 Fire Magic
 + Level 9.2 Ice Magic
 + Level 5.6 Air Magic
 + Level 5.6 Earth Magic
 + Level 5.6 Poison Magic
 + Level 7.4 Invocations
 + Level 6.8 Evocations


You had 5 spell levels left.
You knew the following spells:

 Your Spells              Type           Power        Failure   Level
a - Freeze                Ice            100%         1%          1
b - Frozen Ramparts       Ice            76%          1%          3
c - Ozocubu's Armour      Ice            38%          1%          3
d - Hailstorm             Conj/Ice       32%          4%          4
e - Summon Ice Beast      Ice/Summ       32%          4%          4
f - Vampiric Draining     Necr           13%          3%          3
g - Lesser Beckoning      Tloc           13%          3%          3
h - Apportation           Tloc           52%          1%          1

Your spell library contained the following spells:

 Spells                   Type           Power        Failure   Level
 Animate Skeleton         Necr           52%          1%          1
 Magic Dart               Conj           100%         1%          1
 Pain                     Necr           100%         1%          1
 Blink                    Tloc           N/A          1%          2
 Call Imp                 Summ           26%          1%          2
 Slow                     Hex            26%          1%          2
 Conjure Flame            Conj/Fire      26%          3%          3
 Mephitic Cloud           Conj/Pois/Air  26%          3%          3
 Tukima's Dance           Hex            26%          3%          3
 Animate Dead             Necr           13%          10%         4
 Agony                    Necr           26%          26%         5
 Alistair's Intoxication  Tmut/Pois      17%          26%         5
 Bolt of Magma            Conj/Fire/Erth 13%          26%         5
 Iskenderun's Battlesphe  Conj           26%          26%         5
 Invisibility             Hex            26%          83%         6
 Iron Shot                Conj/Erth      13%          83%         6
 Orb of Destruction       Conj           13%          100%        7
 Spellforged Servitor     Conj/Summ      13%          100%        7


Dungeon Overview and Level Annotations

Branches:
Dungeon (11/15)            Temple (1/1) D:6            Lair (0/6) D:8
    Orc: D:9-12

Altars:
Ashenzari
Dithmenos
Fedhas
Gozag
Hepliaklqana
Kikubaaqudgha
Makhleb
Nemelex Xobeh
Okawaru
Qazlal
Ru
Sif Muna
Uskayaw
Vehumet
Wu Jian
Xom
Zin
The Shining One

Shops:
D:5 :   D:8 =


Innate Abilities, Weirdness & Mutations

Your experience applies equally to all skills.
((You have very sharp teeth.))
Your uncanny sense of smell can sniff out nearby items.


Message History

* * * LOW HITPOINT WARNING * * *
The freezing wraith drains your vigour!
You feel as though you will be slow longer.
It was a potion of lignification.
You turn into a tree.
Your +1 cloak melds into your body.
Your +2 helmet melds into your body.
Your +0 pair of boots melds into your body.
The +5 robe of Night {Dark Will+ SInv} melds into your body.
The light returns to your surroundings.
Your roots penetrate the ground.
The phantasmal warrior hits you but does no damage.
The freezing wraith hits you but does no damage. x2
The phantasmal warrior hits you!
* * * LOW HITPOINT WARNING * * *
Unknown command.
You slash the phantasmal warrior! You burn the phantasmal warrior.
You punch the phantasmal warrior.
The phantasmal warrior is heavily damaged.
The freezing wraith hits you but does no damage. x2
The phantasmal warrior hits you!!
You die...
Your body crumbles into a pile of gold.

##.........#
#.....
#.........#
######.....
#...p.....#
#...##.....
#...W.....#
#...#######
######.####
#...#######
#...#
#.........#
#...#
#.........#
#...####
#.........#
#...W♣.#
#.........#
#...##W#
###.≈.....#
#...##.#
#........
#...##.#
#........
#...##.#
#.......#
#... #.#
#####.#.#
#.# #.#.#
#.# #.#..
#.#####
#.###


You could see a phantasmal warrior and a freezing wraith.

Vanquished Creatures
  2 hydras (D:11)
  2 death knights
  Erica (D:9)
  2 unseen horrors
  Pikel (D:8)
  An ugly thing (D:11)
  Maurice (D:8)
  A komodo dragon (D:10)
  2 freezing wraiths (D:11)
  2 trolls
  A hornet (D:9)
  Sigmund (D:4)
  A wyvern (D:9)
  Eustachio (D:5)
  7 yaks
  Edmund (D:4)
  An ice beast (D:6)
  A sky beast (D:7)
  An orc warrior (D:9)
  5 phantoms
  3 ogres
  A centaur (D:8)
  A big kobold (D:8)
  8 bullfrogs
  A wyvern zombie (D:11)
  A scorpion (D:7)
  A water moccasin skeleton (D:9)
  12 killer bees
  11 wights
  An electric eel (D:10)
  A centaur zombie (D:11)
  6 hounds
  2 jellies
  2 centaur skeletons
  6 orc priests
  5 iguanas
  12 orc wizards
  8 worker ants
  A hound skeleton (D:4)
  Robin (D:3)
  3 gnolls (D:4)
  6 adders
  A howler monkey skeleton (D:5)
  2 shadow imps (D:8)
  3 white imps
  3 ufetubi
  4 oozes
  An adder skeleton (D:4)
  2 worms
  2 dart slugs
  12 leopard geckos
  47 orcs
  2 ball pythons
  7 bats
  4 giant cockroaches
  20 goblins
  12 hobgoblins
  8 jackals
  10 kobolds
  6 quokkas
  5 frilled lizards
  A giant cockroach zombie (D:5)
  2 jackal zombies
  A quokka skeleton (D:5)
  8 rats
291 creatures vanquished.

Vanquished Creatures (collateral kills)
  A wight (D:8)
1 creature vanquished.

Vanquished Creatures (others)
  2 plants
2 creatures vanquished.

Grand Total: 294 creatures vanquished

Notes
Turn   | Place    | Note
-------+----------+-------------------------------------------
     0 | D:1      | Adamkad1 the Gnoll Ice Elementalist began the quest for the
                  | Orb.
     0 | D:1      | Reached XP level 1. HP: 13/13 MP: 6/6
   232 | D:1      | Reached XP level 2. HP: 19/19 MP: 3/7
   781 | D:1      | Reached XP level 3. HP: 25/25 MP: 9/9
   851 | D:1      | Reached skill level 5 in Spellcasting
   879 | D:1      | Learned a level 3 spell: Frozen Ramparts
   883 | D:1      | Learned a level 3 spell: Ozocubu's Armour
   948 | D:2      | Found an ornate altar of the Wu Jian Council.
  1187 | D:2      | Reached skill level 1 in Invocations
  1644 | D:3      | Reached skill level 1 in Fighting
  1644 | D:3      | Reached skill level 1 in Short Blades
  1644 | D:3      | Reached skill level 1 in Long Blades
  1644 | D:3      | Reached skill level 1 in Axes
  1644 | D:3      | Reached skill level 1 in Maces & Flails
  1644 | D:3      | Reached skill level 1 in Polearms
  1644 | D:3      | Reached skill level 1 in Staves
  1644 | D:3      | Reached skill level 1 in Slings
  1644 | D:3      | Reached skill level 1 in Bows
  1644 | D:3      | Reached skill level 1 in Crossbows
  1644 | D:3      | Reached skill level 1 in Throwing
  1644 | D:3      | Reached skill level 1 in Armour
  1644 | D:3      | Reached skill level 1 in Shields
  1644 | D:3      | Reached skill level 1 in Unarmed Combat
  1644 | D:3      | Reached skill level 1 in Evocations
  1644 | D:3      | Reached XP level 4. HP: 32/32 MP: 2/11
  1746 | D:3      | Reached skill level 1 in Conjurations
  1746 | D:3      | Reached skill level 1 in Hexes
  1746 | D:3      | Reached skill level 1 in Summonings
  1746 | D:3      | Reached skill level 1 in Necromancy
  1746 | D:3      | Reached skill level 1 in Translocations
  1746 | D:3      | Reached skill level 1 in Transmutations
  1746 | D:3      | Reached skill level 1 in Fire Magic
  1746 | D:3      | Reached skill level 1 in Air Magic
  1746 | D:3      | Reached skill level 1 in Earth Magic
  1746 | D:3      | Reached skill level 1 in Poison Magic
  2052 | D:3      | Found a sacrificial altar of Ru.
  2054 | D:3      | Noticed Robin
  2064 | D:3      | Reached XP level 5. HP: 35/37 MP: 5/12
  2072 | D:3      | Killed Robin
  2210 | D:3      | Found a broken altar of Ashenzari.
  2212 | D:3      | Found a shimmering blue altar of Sif Muna.
  2213 | D:3      | Found an ancient bone altar of Kikubaaqudgha.
  2346 | D:3      | Found a sacrificial altar of Ru.
  2375 | D:3      | Found a hazy altar of Hepliaklqana.
  3059 | D:3      | Found a blossoming altar of Fedhas.
  3205 | D:2      | Found a faded altar of an unknown god.
  3586 | D:3      | Learned a level 4 spell: Hailstorm
  3734 | D:4      | Noticed Sigmund
  3736 | D:4      | Reached XP level 6. HP: 40/44 MP: 8/13
  3754 | D:4      | Killed Sigmund
  3755 | D:4      | Reached skill level 5 in Dodging
  3755 | D:4      | Reached XP level 7. HP: 39/50 MP: 1/15
  4040 | D:3      | Learned a level 4 spell: Summon Ice Beast
  4375 | D:4      | Noticed Edmund
  4379 | D:4      | Killed Edmund
  4380 | D:4      | Reached skill level 5 in Stealth
  4639 | D:4      | Found a shimmering altar of Xom.
  4759 | D:4      | Found the +5 robe of Night {Dark Will+ SInv}
  4855 | D:4      | Reached XP level 8. HP: 45/57 MP: 6/16
  5175 | D:5      | Entered Level 5 of the Dungeon
  5563 | D:5      | Noticed Eustachio
  5581 | D:5      | Killed Eustachio
  5774 | D:5      | Found a glowing golden altar of the Shining One.
  6118 | D:5      | Found Ytzaofoek's Book Shop.
  7072 | D:6      | Reached XP level 9. HP: 61/65 MP: 16/18
  7317 | D:6      | Found an iron altar of Okawaru.
  7466 | D:6      | Found a staircase to the Ecumenical Temple.
  7485 | Temple   | Entered the Ecumenical Temple
  7496 | Temple   | Became a worshipper of Gozag Ym Sagoz the Greedy
  8086 | D:7      | Found a glowing silver altar of Zin.
  8213 | D:7      | Noticed a death knight
  8450 | D:7      | Reached skill level 8 in Ice Magic
  8497 | D:7      | Killed a death knight
  8498 | D:7      | Reached skill level 5 in Invocations
  8973 | D:7      | Found a hide-covered altar of Uskayaw.
  9416 | D:8      | Noticed Maurice
  9427 | D:8      | Killed Maurice
  9428 | D:8      | Reached XP level 10. HP: 73/73 MP: 6/20
  9568 | D:8      | Noticed Pikel
  9575 | D:8      | Killed Pikel
  9576 | D:8      | Reached skill level 5 in Fighting
  9576 | D:8      | Reached skill level 5 in Short Blades
  9576 | D:8      | Reached skill level 5 in Long Blades
  9576 | D:8      | Reached skill level 5 in Axes
  9576 | D:8      | Reached skill level 5 in Maces & Flails
  9576 | D:8      | Reached skill level 5 in Polearms
  9576 | D:8      | Reached skill level 5 in Staves
  9576 | D:8      | Reached skill level 5 in Slings
  9576 | D:8      | Reached skill level 5 in Bows
  9576 | D:8      | Reached skill level 5 in Crossbows
  9576 | D:8      | Reached skill level 5 in Throwing
  9576 | D:8      | Reached skill level 5 in Armour
  9576 | D:8      | Reached skill level 5 in Shields
  9576 | D:8      | Reached skill level 5 in Unarmed Combat
  9576 | D:8      | Reached skill level 5 in Evocations
  9774 | D:8      | Found Igocwuv's Jewellery Emporium.
 10018 | D:8      | Found a staircase to the Lair.
 10221 | D:8      | Found a sparkling altar of Nemelex Xobeh.
 10259 | D:8      | Bought an uncursed ring of protection from cold for 275
                  | gold pieces
 11655 | D:9      | Noticed Erica
 11668 | D:9      | Killed Erica
 11669 | D:9      | Reached XP level 11. HP: 69/81 MP: 5/22
 12150 | D:10     | Entered Level 10 of the Dungeon
 12419 | D:10     | Found a burning altar of Makhleb.
 12470 | D:10     | Reached skill level 5 in Conjurations
 12470 | D:10     | Reached skill level 5 in Hexes
 12470 | D:10     | Reached skill level 5 in Summonings
 12470 | D:10     | Reached skill level 5 in Necromancy
 12470 | D:10     | Reached skill level 5 in Translocations
 12470 | D:10     | Reached skill level 5 in Transmutations
 12470 | D:10     | Reached skill level 5 in Fire Magic
 12470 | D:10     | Reached skill level 5 in Air Magic
 12470 | D:10     | Reached skill level 5 in Earth Magic
 12470 | D:10     | Reached skill level 5 in Poison Magic
 12545 | D:10     | Noticed an unseen horror
 12553 | D:10     | Killed an unseen horror
 13143 | D:10     | Learned a level 3 spell: Vampiric Draining
 13147 | D:10     | Learned a level 3 spell: Lesser Beckoning
 13149 | D:10     | Learned a level 1 spell: Apportation
 13157 | D:11     | Noticed a phantasmal warrior
 13158 | D:11     | Noticed a death knight
 13388 | D:11     | Noticed an eight-headed hydra
 13430 | D:11     | Noticed an eight-headed hydra
 13436 | D:11     | Killed a six-headed hydra
 13446 | D:11     | Killed a four-headed hydra
 13447 | D:11     | Reached skill level 9 in Ice Magic
 13712 | D:11     | Noticed a brown ugly thing
 14191 | D:11     | Noticed an unseen horror
 14208 | D:11     | Killed an unseen horror
 14343 | D:11     | Killed a brown ugly thing
 14520 | D:11     | Killed a death knight
 14544 | D:11     | Slain by a phantasmal warrior

Illustrated notes

Levels and vault maps discovered:
D:1:      lemuel_arrival_room, layout_loops_ring
D:2:      kb_forest_paths, layout_loops_corners, lemuel_doored_altar,
          chequers_ecumenical_altar_twisty
D:3:      layout_loops_ring, grunt_temple_overflow_open, general_overflow_altar,
          nicolae_overflow_hidden_temple, nicolae_ru_the_path_less_chosen,
          uniq_robin
D:4:      layout_gridville, tgw_xom, uniq_edmund, uniq_sigmund
D:5:      layout_rooms, tso_oasis_becter, serial_shops,
          nicolae_shop_temple_entry_statues_fountains, gup_sewer_entry_spiral,
          grunt_decor_mini_mirrors, uniq_eustachio
D:6:      layout_loops_ring, kennysheep_mini, minmay_temple_entry_trees,
          minivault_1
D:7:      layout_cave_pools, marbit_many_paths, zin_academy
D:8:      layout_cave_pools, nemelex_xobeh_ov_fountains_minmay,
          lair_entry_dummy, serial_shops, shop, uniq_pikel, uniq_maurice
D:9:      layout_layer_cave, uniq_erica
D:10:     layout_basic, makhleb_altar_promises_db
D:11:     layout_basic
Temple:   jpeg_temple_island

Skill      XL: |  1  2  3  4  5  6  7  8  9 10 11 |
---------------+----------------------------------+-----
Spellcasting   | 5 6 7 8 |  8.5
Invocations    | 1 2 3 4 5 6 7 |  7.4
Fighting       | 1 2 3 4 5 6 |  6.8
Short Blades   | 1 2 3 4 5 6 |  6.8
Long Blades    | 1 2 3 4 5 6 |  6.8
Axes           | 1 2 3 4 5 6 |  6.8
Maces & Flails | 1 2 3 4 5 6 |  6.8
Polearms       | 1 2 3 4 5 6 |  6.8
Staves         | 1 2 3 4 5 6 |  6.8
Slings         | 1 2 3 4 5 6 |  6.8
Bows           | 1 2 3 4 5 6 |  6.8
Crossbows      | 1 2 3 4 5 6 |  6.8
Throwing       | 1 2 3 4 5 6 |  6.8
Armour         | 1 2 3 4 5 6 |  6.8
Shields        | 1 2 3 4 5 6 |  6.8
Unarmed Combat | 1 2 3 4 5 6 |  6.8
Evocations     | 1 2 3 4 5 6 |  6.8
Conjurations   | 1 2 3 4 5 |  5.6
Hexes          | 1 2 3 4 5 |  5.6
Summonings     | 1 2 3 4 5 |  5.6
Necromancy     | 1 2 3 4 5 |  5.6
Translocations | 1 2 3 4 5 |  5.6
Transmutations | 1 2 3 4 5 |  5.6
Fire Magic     | 1 2 3 4 5 |  5.6
Air Magic      | 1 2 3 4 5 |  5.6
Earth Magic    | 1 2 3 4 5 |  5.6
Poison Magic   | 1 2 3 4 5 |  5.6
Dodging        | 5 6 7 8 |  8.3
Stealth        | 5 6 7 8 |  8.1
Ice Magic      | 8 9 |  9.2

Action                   |  1- 3 |  4- 6 |  7- 9 | 10-12 || total
-------------------------+-------+-------+-------+-------++-------
Melee: Unarmed           |     3 |       |       |       ||     3
       Bite              |     3 |     4 |    48 |    27 ||    82
       Club              |    22 |    19 |   388 |   100 ||   529
       Punch             |     1 |       |     6 |    12 ||    19
       Scimitar          |       |       |       |    88 ||    88
 Cast: Freeze            |    35 |    54 |   152 |    81 ||   322
       Frozen Ramparts   |     1 |     7 |    28 |    29 ||    65
       Ozocubu's Armour  |     1 |     4 |    13 |    20 ||    38
       Summon Ice Beast  |       |       |     3 |     4 ||     7
       Hailstorm         |       |       |       |     4 ||     4
       Vampiric Draining |       |       |       |     4 ||     4
Invok: Potion Petition   |       |       |       |     2 ||     2
  Use: Scroll            |       |       |     2 |    14 ||    16
       Potion            |       |       |       |     2 ||     2
 Stab: Sleeping          |     3 |     1 |     5 |     5 ||    14
       Distracted        |       |       |     2 |     2 ||     4
Armor: Robe              |    10 |    11 |   152 |   117 ||   290
       Ring mail         |       |     7 |    42 |       ||    49
       Skin              |       |       |       |     5 ||     5
Dodge: Dodged            |    33 |    61 |   347 |   258 ||   699
       Rpst.: Scimitar   |       |       |       |    22 ||    22

Table legend: (Time is in decaauts)
 A = Elapsed time spent in this place.
 B = Non-inter-level travel time spent in this place.
 C = Inter-level travel time spent in this place.
 D = Time resting spent in this place.
 E = Time spent auto-exploring this place.
 F = Levels seen in this place.
 G = Mean time per level.
                   A        B        C        D        E       F      G
               +--------+--------+--------+--------+--------+-----+--------+
         Total |  14672 |  14102 |    570 |   2707 |   8306 |  12 | 1222.7 |
       Dungeon |  14650 |  14080 |    570 |   2707 |   8306 |  11 | 1331.8 |
        Temple |     21 |     21 |      0 |      0 |      0 |   1 |   21.0 |
               +--------+--------+--------+--------+--------+-----+--------+

Top non-repeatable levels by time:
     D:5: 1683 daAuts
     D:8: 1580 daAuts
     D:4: 1568 daAuts
     D:9: 1555 daAuts
     D:2: 1369 daAuts
     D:3: 1362 daAuts
    D:10: 1216 daAuts
    D:11: 1193 daAuts
     D:7: 1125 daAuts
     D:6: 1078 daAuts
     D:1: 916 daAuts
  Temple: 21 daAuts
